 Dungeon Crawl Stone Soup version 0.19-a0-1224-g978f909 (webtiles) character file.

40 Lindan9 the Shield-Bearer (level 3, -5/30 HPs)
             Began as a Formicid Fighter on Aug 24, 2016.
             Slain by Crazy Yiuf
             ... wielding a +4 quarterstaff of chaos
              (8 damage)
             ... on level 2 of the Dungeon.
             The game lasted 00:02:59 (988 turns).

Lindan9 the Shield-Bearer (Formicid Fighter)         Turns: 988, Time: 00:03:00

Health: -5/30      AC:  7    Str: 21    XL:     3   Next: 72%
Magic:  0/3        EV:  8    Int:  7    God:
Gold:   110        SH:  9    Dex: 10    Spells: 0 memorised, 2 levels left

rFire  . . .     SeeInvis +     a - +0 war axe
rCold  . . .     Gourm    .     b - +0 scale mail
rNeg   . . .     Faith    .     c - +0 shield
rPois  .         Spirit   .     (helmet unavailable)
rElec  .         Dismiss  .     (no cloak)
rCorr  .         Reflect  .     (no gloves)
MR     .....     Harm     .     (no boots)
Stlth  ..........               (no amulet)
                                (no ring)
                                h - ring of flight

@: very slightly contaminated
A: permanent stasis, dig shafts and tunnels, four strong arms, antennae 3
a: Dig, Shaft Self, Evoke Flight


You were on level 2 of the Dungeon.
You were not hungry.

You visited 1 branch of the dungeon, and saw 2 of its levels.

You collected 110 gold pieces.

Inventory:

Hand Weapons
 a - a +0 war axe (weapon)
Armour
 b - a +0 scale mail (worn)
 c - a +0 shield (worn)
Jewellery
 h - a ring of flight (left hand)
Wands
 n - a wand of polymorph (7/24)
Scrolls
 e - 4 scrolls of identify {unknown}
 i - a scroll of amnesia {unknown}
 j - a scroll of fog {unknown}
 k - 2 scrolls of remove curse {unknown}
 l - a scroll of magic mapping {unknown}
 m - a scroll of teleportation {unknown}
Potions
 d - a potion of might
 g - a potion of resistance {unknown}
Comestibles
 f - a meat ration


   Skills:
 + Level 3.9 Fighting
 + Level 2.1 Axes
 + Level 3.8 Armour
 + Level 0.3 Dodging
 + Level 4.0 Shields


You had 2 spell levels left.
You didn't know any spells.

Dungeon Overview and Level Annotations

Branches:
Dungeon (2/15)

Altars:

Annotations:
D:2 Crazy Yiuf


Innate Abilities, Weirdness & Mutations

You are under a permanent stasis effect.
You can dig through walls and to a lower floor.
Your four strong arms can wield two-handed weapons with a shield.
You have a pair of large antennae on your head. (SInv)


Message History

Crazy Yiuf is lightly wounded.
Crazy Yiuf laughs, "Seed!"
Crazy Yiuf hits you but does no damage.
Your shield and scale mail prevent you from hitting Crazy Yiuf.
Crazy Yiuf is lightly wounded.
Crazy Yiuf hits you with a quarterstaff of chaos!
Crazy Yiuf burns you. You block Crazy Yiuf's attack.
You closely miss Crazy Yiuf.
Crazy Yiuf is lightly wounded.
You block Crazy Yiuf's attack.
You slash Crazy Yiuf!
Crazy Yiuf is almost dead.
Crazy Yiuf hits you with a quarterstaff of chaos!
* * * LOW HITPOINT WARNING * * *
You feel your power leaking away.
You hit Crazy Yiuf.
Crazy Yiuf is almost dead.
You block Crazy Yiuf's attack.
Crazy Yiuf hits you with a quarterstaff of chaos!
You die...

.†............##..####..######
).......####...#.# ##......##
.........(.........#
#....(...##
.......#.###########
#####.....# ....[.#..# #.....#
...##.#.## #.....# ...##...#
#### ♣♣##.....# ..)##..##
#)..#♣♣ ♣♣P#......# ...##...
#..g@.♣♣♣♣.P......##
#...#♣..♣..........# ####
♣♣♣.♣.P#......# ♣♣♣♣♣##.....#
#.....# #####.....#
#........## ##.(....##
########


You could see Crazy Yiuf.

Vanquished Creatures
  4 dart slugs
  A ball python (D:1)
  A giant cockroach (D:1)
  4 hobgoblins (D:1)
  7 kobolds (D:1)
  4 bats
  A giant newt (D:2)
  5 goblins
  3 rats
30 creatures vanquished.

Notes
Turn   | Place    | Note
-------+----------+-------------------------------------------
     0 | D:1      | Lindan9 the Formicid Fighter began the quest for the Orb.
     0 | D:1      | Reached XP level 1. HP: 18/18 MP: 1/1
   142 | D:1      | Reached XP level 2. HP: 21/24 MP: 2/2
   433 | D:1      | Reached XP level 3. HP: 30/30 MP: 3/3
   899 | D:2      | Reached skill level 4 in Shields
   975 | D:2      | Found a runed door.
   979 | D:2      | Noticed Crazy Yiuf
   988 | D:2      | Slain by Crazy Yiuf

Vault maps used:
D:1:      minmay_arrival_doors
D:2:      marbit_many_paths, nicolae_overflow_hidden_temple, first_bread,
          uniq_crazy_yiuf_cottage

Skill      XL: |  1  2  3 |
---------------+----------+-----
Shields        | 4 |  4.0
Fighting       | |  3.9
Axes           | |  2.1
Armour         | |  3.8
Dodging        | |  0.3

Action                   || total
-------------------------++-------
Melee: War axe           ||   126
 Abil: Dig               ||     1
  Eat: Bread ration      ||     1
Armor: Scale mail        ||    52
Dodge: Dodged            ||    28
Block: Shield            ||    65
